 Dungeon Crawl Stone Soup version 0.25-a0-365-g7600c65aa0 (webtiles) character file.

Game seed: 13997030433266033676, levelgen mode: deterministic

9073 MordorOrchid the Thaumaturge (level 11, 0/85 HPs)
             Began as a Gnoll Skald on Jan 5, 2020.
             Was a High Priest of Okawaru.
             Slain by a hippogriff (2 damage)
             ... on level 10 of the Dungeon.
             The game lasted 00:48:49 (7488 turns).

MordorOrchid the Thaumaturge (Gnoll Skald)          Turns: 7488, Time: 00:48:49

Health: 0/85       AC: 13    Str:  9    XL:     11   Next: 40%
Magic:  20/23      EV: 12    Int: 18    God:    Okawaru [*****.]
Gold:   658        SH:  0    Dex: 20    Spells: 18/26 levels left

rFire    . . .     SeeInvis +   y - +6 rapier of the Ancients {flame, +Fly rPois Str-4 SInv}
rCold    . . .     Gourm    .   (no shield)
rNeg     . . .     Faith    .   B - +0 scale mail
rPois    +         Spirit   .   q - +1 helmet
rElec    .         Reflect  .   h - +0 cloak
rCorr    .         Harm     .   (no gloves)
MR       .....                  N - +1 pair of boots
Stlth    ..........             Y - amulet of magic regeneration
HPRegen  0.24/turn              o - ring of wizardry
MPRegen  0.43/turn              k - +4 ring of dexterity

@: confused, infused, slowed, very slow
A: distributed training, fangs 1, strong nose
a: Heroism, Finesse, Renounce Religion, Evoke Flight


You were on level 10 of the Dungeon.
You worshipped Okawaru.
Okawaru was extremely pleased with you.
You were not hungry.

You visited 2 branches of the dungeon, and saw 11 of its levels.

You collected 658 gold pieces.

Inventory:

Hand Weapons
 a - a +4 falchion of slicing
 j - a +2 shortbow of flaming
 p - a +4 glaive of chopping
 y - the +6 rapier of the Ancients (weapon) {flame, +Fly rPois Str-4 SInv}
   (You found it on level 7 of the Dungeon)

   It has been specially enchanted to burn those struck by it, causing extra
   injury to most foes and up to half again as much damage against particularly
   susceptible opponents.
   It affects your strength (-4).
   It protects you from poison.
   It lets you see invisible.
   It lets you fly.
 L - a +0 falchion of holy wrath
 S - a cursed +3 halberd of freezing
Missiles
 c - 3 throwing nets
 u - 25 poisoned darts
 v - 125 arrows
 x - 4 silver boomerangs (quivered)
 A - 72 bolts
 E - 115 sling bullets
 Z - 7 boomerangs
Armour
 b - a +0 leather armour
 h - a +0 cloak (worn)
 i - a +0 ring mail
 q - a +1 helmet (worn)
 w - a +0 chain mail
 B - a +0 scale mail (worn)
 D - a cursed +0 robe
 J - the +6 plate armour of Xunovvaoll {Int+4}
   (You found it on level 7 of the Dungeon)

   It affects your intelligence (+4).
 N - a +1 pair of boots (worn)
Jewellery
 k - a +4 ring of dexterity (right hand)
 o - a ring of wizardry (left hand)
 W - an uncursed ring of see invisible
 Y - an amulet of magic regeneration (around neck)
Wands
 I - a wand of flame (23)
 O - a wand of paralysis (8)
 Q - a wand of enslavement (11)
Scrolls
 g - a scroll of fog
 l - a scroll of fear {unknown}
 n - 2 scrolls of enchant armour
 s - 2 scrolls of noise
 t - 5 scrolls of teleportation
 C - 2 scrolls of remove curse
 G - 2 scrolls of amnesia
 P - a scroll of vulnerability {unknown}
 R - a scroll of enchant weapon {unknown}
Potions
 e - 4 potions of magic
 f - a potion of agility
 m - 2 potions of mutation
 r - a potion of resistance
 z - 4 potions of flight
 H - a potion of cancellation
 T - 2 potions of lignification
 U - a potion of invisibility {unknown}
 V - 2 potions of might {unknown}
Comestibles
 d - 26 rations
 X - 2 chunks of flesh


   Skills:
 + Level 7.7 Fighting
 + Level 6.1 Short Blades
 + Level 7.7 Long Blades
 + Level 6.1 Axes
 + Level 6.1 Maces & Flails
 + Level 6.1 Polearms
 + Level 6.1 Staves
 + Level 6.1 Slings
 + Level 6.1 Bows
 + Level 6.1 Crossbows
 + Level 6.1 Throwing
 + Level 6.7 Armour
 + Level 7.7 Dodging
 + Level 6.1 Stealth
 + Level 6.1 Shields
 + Level 6.1 Unarmed Combat
 + Level 8.0 Spellcasting
 + Level 5.1 Conjurations
 + Level 5.1 Hexes
 + Level 7.5 Charms
 + Level 5.1 Summonings
 + Level 5.1 Necromancy
 + Level 5.1 Translocations
 + Level 5.1 Transmutations
 + Level 5.1 Fire Magic
 + Level 5.1 Ice Magic
 + Level 5.1 Air Magic
 + Level 5.1 Earth Magic
 + Level 5.1 Poison Magic
 + Level 6.7 Invocations
 + Level 6.1 Evocations


You had 18 spell levels left.
You knew the following spells:

 Your Spells              Type           Power        Failure   Level  Hunger
a - Infusion              Chrm           ####         1%          1    None
b - Song of Slaying       Chrm           ####....     1%          2    None
e - Spectral Weapon       Hex/Chrm       ####....     5%          3    #......
y - Shroud of Golubria    Chrm/Tloc      ####..       2%          2    None

Your spell library contained the following spells:

 Spells                   Type           Power        Failure   Level  Hunger
 Ozocubu's Armour         Chrm/Ice       ####....     5%          3    #......
 Iskenderun's Battlesphe  Conj/Chrm      ####....     43%         5    #####..
 Bolt of Magma            Conj/Fire/Erth ####......   58%         5    #####..
 Iron Shot                Conj/Erth      ####......   98%         6    ######.
 Orb of Destruction       Conj           ####......   100%        7    #######
 Spellforged Servitor     Conj/Summ      ####......   100%        7    #######


Dungeon Overview and Level Annotations

Branches:
Dungeon (10/15)            Temple (1/1) D:5             Orc (0/2) D:10
   Lair: D:8-11

Altars:
Cheibriados
Dithmenos
Kikubaaqudgha
Nemelex Xobeh
Okawaru
Ru
Zin

Annotations:
D:6 3 runed translucent doors, Supaplex's ghost, novice GnEn
D:10 Erica


Innate Abilities, Weirdness & Mutations

Your experience applies equally to all skills.
You have very sharp teeth.
Your uncanny sense of smell can sniff out nearby items.


Message History

You miss Erica.
Erica is almost dead.
The hippogriff bites you.
* * * LOW HITPOINT WARNING * * *
The hippogriff pecks you.
* * * LOW HITPOINT WARNING * * *
The hippogriff closely misses you.
Erica drinks a potion.
Erica is healed!
Unknown command.
The hippogriff bites you but does no damage.
The hippogriff pecks you.
* * * LOW HITPOINT WARNING * * *
The hippogriff claws you but does no damage.
Erica hits you with a +1 scimitar of flaming!
* * * LOW HITPOINT WARNING * * *
Erica burns you.
* * * LOW HITPOINT WARNING * * *
The hippogriff closely misses you.
The hippogriff pecks you but does no damage.
The hippogriff claws you.
You die...

..#####........# .. ..#
###.####### # ... ..##
#.#.##.#.#.####### .#....
...###..#.#..#..#...†.##......
##...##.#.#..##...#.#.#..@H...
#....##.....####.#...#.#
.....####.#.##.##..#####
.....##..##.##..@H..##.#
#..###..#.....#(@.....##
#..####.##.#.#..##.##..#
##...##.#.##..#..#.#..##
.....# #..#.#)...####.# ####.#
#........>...### # ##.#
##.###..#..#..# ∆ ###..#
#.#...###...### .#...#
##..##.(....(.# .#...#
#.#....#..#...## ∆


You could see Erica (invisible), a hippogriff and a friendly spectral +6 rapier
of the Ancients {flame, +Fly rPois Str-4 SInv}.

Vanquished Creatures
  A queen ant (D:9)
  An unseen horror (D:10)
  A cyclops (D:8)
  Joseph (D:7)
  Maurice (D:8)
  A troll (D:10)
  A hippogriff (D:10)
  2 wyverns
  A wraith (D:10)
  2 hungry ghosts
  Menkaure (D:4)
  Edmund (D:4)
  12 soldier ants (D:9)
  An ice beast (D:8)
  2 sky beasts
  2 orc warriors
  2 phantoms
  4 ogres
  3 centaurs
  9 bullfrogs
  A troll zombie (D:10)
  2 scorpions
  6 killer bees
  3 wights (D:8)
  3 howler monkeys
  3 crimson imps
  A centaur zombie (D:7)
  3 bullfrog zombies
  2 hounds
  2 jellies (D:7)
  4 orc priests
  A bullfrog skeleton (D:6)
  Jessica (D:2)
  Natasha (twice) (D:2)
  2 iguanas
  6 orc wizards
  29 worker ants
  5 ogre zombies (D:10)
  A hound skeleton (D:7)
  Robin (D:2)
  13 adders
  12 gnolls
  A shadow imp (D:7)
  An ooze (D:2)
  An adder zombie (D:7)
  An adder skeleton (D:5)
  2 worms (D:3)
  A dart slug (D:2)
  3 leopard geckos
  26 orcs
  5 giant cockroaches
  17 goblins
  14 hobgoblins
  A quokka (D:5)
  4 bats
  5 frilled lizards
  2 goblin skeletons (D:10)
  3 goblin zombies (D:10)
  A hobgoblin skeleton (D:10)
  A hobgoblin zombie (D:10)
  13 kobolds
  A leopard gecko zombie (D:6)
  4 orc skeletons (D:10)
  8 orc zombies (D:10)
  6 rats
273 creatures vanquished.

Vanquished Creatures (collateral kills)
  4 worker ants (D:9)
4 creatures vanquished.

Vanquished Creatures (others)
  2 soldier ants (D:9)
  4 spectral weapons
6 creatures vanquished.

Grand Total: 283 creatures vanquished

Notes
Turn   | Place    | Note
-------+----------+-------------------------------------------
     0 | D:1      | MordorOrchid the Gnoll Skald began the quest for the Orb.
     0 | D:1      | Reached XP level 1. HP: 20/20 MP: 6/6
   112 | D:1      | Reached XP level 2. HP: 26/26 MP: 2/7
   121 | D:1      | Learned a level 2 spell: Song of Slaying
   124 | D:1      | Learned a level 2 spell: Shroud of Golubria
   435 | D:2      | Noticed Natasha
   440 | D:2      | Killed Natasha
   440 | D:2      | Reached skill level 5 in Spellcasting
   440 | D:2      | Reached XP level 3. HP: 25/31 MP: 2/9
   441 | D:2      | Reached skill level 1 in Invocations
   492 | D:2      | Noticed Robin
   501 | D:2      | Reached skill level 1 in Short Blades
   501 | D:2      | Reached skill level 1 in Axes
   501 | D:2      | Reached skill level 1 in Maces & Flails
   501 | D:2      | Reached skill level 1 in Polearms
   501 | D:2      | Reached skill level 1 in Staves
   501 | D:2      | Reached skill level 1 in Slings
   501 | D:2      | Reached skill level 1 in Bows
   501 | D:2      | Reached skill level 1 in Crossbows
   501 | D:2      | Reached skill level 1 in Throwing
   501 | D:2      | Reached skill level 1 in Stealth
   501 | D:2      | Reached skill level 1 in Shields
   501 | D:2      | Reached skill level 1 in Unarmed Combat
   501 | D:2      | Reached skill level 1 in Evocations
   508 | D:2      | Reached XP level 4. HP: 13/38 MP: 0/11
   515 | D:2      | Killed Robin
   660 | D:2      | Noticed Jessica
   665 | D:2      | Killed Jessica
   665 | D:2      | Reached skill level 1 in Conjurations
   665 | D:2      | Reached skill level 1 in Hexes
   665 | D:2      | Reached skill level 1 in Summonings
   665 | D:2      | Reached skill level 1 in Necromancy
   665 | D:2      | Reached skill level 1 in Translocations
   665 | D:2      | Reached skill level 1 in Transmutations
   665 | D:2      | Reached skill level 1 in Fire Magic
   665 | D:2      | Reached skill level 1 in Ice Magic
   665 | D:2      | Reached skill level 1 in Air Magic
   665 | D:2      | Reached skill level 1 in Earth Magic
   665 | D:2      | Reached skill level 1 in Poison Magic
   703 | D:2      | Noticed Natasha
   718 | D:2      | Killed Natasha
   718 | D:2      | Reached XP level 5. HP: 18/43 MP: 8/12
   954 | D:2      | Learned a level 3 spell: Spectral Weapon
  1153 | D:3      | Found a snail-covered altar of Cheibriados.
  1154 | D:3      | Found an ancient bone altar of Kikubaaqudgha.
  1162 | D:3      | Found a sparkling altar of Nemelex Xobeh.
  1281 | D:3      | Reached XP level 6. HP: 35/50 MP: 8/13
  1455 | D:3      | Found an iron altar of Okawaru.
  1474 | D:3      | Became a worshipper of Warmaster Okawaru
  1622 | D:4      | Found a shadowy altar of Dithmenos.
  1752 | D:4      | Reached skill level 5 in Fighting
  1752 | D:4      | Reached skill level 5 in Long Blades
  1752 | D:4      | Reached skill level 5 in Dodging
  1776 | D:4      | Noticed Menkaure
  1783 | D:4      | Killed Menkaure
  1783 | D:4      | Reached XP level 7. HP: 30/56 MP: 10/15
  1823 | D:4      | Noticed Edmund
  1861 | D:4      | Reached * piety under Okawaru
  1895 | D:4      | Killed Edmund
  2166 | D:5      | Entered Level 5 of the Dungeon
  2269 | D:5      | Reached XP level 8. HP: 44/63 MP: 11/16
  2574 | D:5      | HP: 2/63 [centaur/arrow (2)]
  2577 | D:5      | Found a staircase to the Ecumenical Temple.
  2597 | Temple   | Entered the Ecumenical Temple
  3171 | D:6      | Noticed Supaplex's ghost (novice GnEn)
  3179 | D:6      | Found a runed translucent gate.
  3179 | D:6      | Found a runed translucent gate.
  3181 | D:6      | Found a runed translucent gate.
  3234 | D:6      | Reached ** piety under Okawaru
  3234 | D:6      | Reached skill level 6 in Spellcasting
  3321 | D:6      | Found a glowing silver altar of Zin.
  3735 | D:7      | Got a bloodstained plate armour
  3743 | D:7      | Reached XP level 9. HP: 69/69 MP: 15/18
  3745 | D:7      | Noticed Joseph
  3821 | D:7      | HP: 1/69 [something/+1 quarterstaff of protection (3)]
  4265 | D:7      | Got a scorched rapier
  4266 | D:7      | Identified the +6 rapier of the Ancients {flame, +Fly rPois
                  | Str-4 SInv} (You found it on level 7 of the Dungeon)
  4286 | D:7      | Reached *** piety under Okawaru
  4313 | D:7      | Killed Joseph
  4362 | D:7      | Reached skill level 5 in Armour
  4737 | D:8      | Noticed Maurice
  4760 | D:8      | Killed Maurice
  4760 | D:8      | Reached skill level 5 in Invocations
  4797 | D:8      | Reached **** piety under Okawaru
  4887 | D:8      | Identified the +6 plate armour of Xunovvaoll {Int+4} (You
                  | found it on level 7 of the Dungeon)
  4936 | D:8      | Reached XP level 10. HP: 64/77 MP: 16/20
  5077 | D:8      | Reached skill level 7 in Spellcasting
  5083 | D:8      | Noticed a cyclops
  5106 | D:8      | Killed a cyclops
  5332 | D:9      | Reached skill level 5 in Short Blades
  5332 | D:9      | Reached skill level 5 in Axes
  5332 | D:9      | Reached skill level 5 in Maces & Flails
  5332 | D:9      | Reached skill level 5 in Polearms
  5332 | D:9      | Reached skill level 5 in Staves
  5332 | D:9      | Reached skill level 5 in Slings
  5332 | D:9      | Reached skill level 5 in Bows
  5332 | D:9      | Reached skill level 5 in Crossbows
  5332 | D:9      | Reached skill level 5 in Throwing
  5332 | D:9      | Reached skill level 5 in Stealth
  5332 | D:9      | Reached skill level 5 in Shields
  5332 | D:9      | Reached skill level 5 in Unarmed Combat
  5332 | D:9      | Reached skill level 5 in Evocations
  6126 | D:9      | Noticed a queen ant
  6142 | D:9      | Killed a queen ant
  6142 | D:9      | Received a gift from Okawaru
  6147 | D:9      | Reached ***** piety under Okawaru
  6532 | D:9      | Received a gift from Okawaru
  6565 | D:9      | Reached XP level 11. HP: 56/84 MP: 13/22
  6848 | D:10     | Entered Level 10 of the Dungeon
  6851 | D:10     | Noticed an unseen horror
  6853 | D:10     | Killed an unseen horror
  6853 | D:10     | Received a gift from Okawaru
  7035 | D:10     | Reached skill level 5 in Conjurations
  7035 | D:10     | Reached skill level 5 in Hexes
  7035 | D:10     | Reached skill level 5 in Summonings
  7035 | D:10     | Reached skill level 5 in Necromancy
  7035 | D:10     | Reached skill level 5 in Translocations
  7035 | D:10     | Reached skill level 5 in Transmutations
  7035 | D:10     | Reached skill level 5 in Fire Magic
  7035 | D:10     | Reached skill level 5 in Ice Magic
  7035 | D:10     | Reached skill level 5 in Air Magic
  7035 | D:10     | Reached skill level 5 in Earth Magic
  7035 | D:10     | Reached skill level 5 in Poison Magic
  7048 | D:10     | Found a staircase to the Orcish Mines.
  7177 | D:10     | Reached skill level 8 in Spellcasting
  7463 | D:10     | Noticed Erica
  7488 | D:10     | HP: 2/85 [Erica/+1 scimitar of flaming (3)]
  7488 | D:10     | Slain by a hippogriff

Levels and vault maps discovered:
D:1:      nzn_arrival_depleted_hourglass, layout_basic
D:2:      minmay_chambers_of_ones, layout_basic, uniq_robin, uniq_natasha,
          uniq_jessica
D:3:      layout_basic, grunt_temple_overflow_open, st_stairs_9, okawaru_trees_2
D:4:      layout_rooms, nicolae_dithmenos_shadow_blocks, first_ration,
          uniq_menkaure, uniq_edmund, uniq_purgy, uniq_duvessa
D:5:      corexii_shantytown, layout_loops_ring, minmay_temple_entry_nine_rooms
D:6:      layout_loops_ring, nicolae_overflow_crystal_walls,
          gammafunk_ghost_split
D:7:      layout_rooms, uniq_joseph
D:8:      layout_loops_ring, grunt_pizzeria, uniq_maurice
D:9:      layout_basic, zaba_anthell
D:10:     layout_rooms, zombieorc1_lemuel, kennysheep_generic_room_14,
          uniq_erica
Temple:   minmay_crystal_spiral_temple

Skill      XL: |  1  2  3  4  5  6  7  8  9 10 11 |
---------------+----------------------------------+-----
Spellcasting   | 5 6 7 8 |  8.0
Invocations    | 1 2 3 4 5 6 |  6.7
Short Blades   | 1 2 3 4 5 6 |  6.1
Axes           | 1 2 3 4 5 6 |  6.1
Maces & Flails | 1 2 3 4 5 6 |  6.1
Polearms       | 1 2 3 4 5 6 |  6.1
Staves         | 1 2 3 4 5 6 |  6.1
Slings         | 1 2 3 4 5 6 |  6.1
Bows           | 1 2 3 4 5 6 |  6.1
Crossbows      | 1 2 3 4 5 6 |  6.1
Throwing       | 1 2 3 4 5 6 |  6.1
Stealth        | 1 2 3 4 5 6 |  6.1
Shields        | 1 2 3 4 5 6 |  6.1
Unarmed Combat | 1 2 3 4 5 6 |  6.1
Evocations     | 1 2 3 4 5 6 |  6.1
Conjurations   | 1 2 3 4 5 |  5.1
Hexes          | 1 2 3 4 5 |  5.1
Summonings     | 1 2 3 4 5 |  5.1
Necromancy     | 1 2 3 4 5 |  5.1
Translocations | 1 2 3 4 5 |  5.1
Transmutations | 1 2 3 4 5 |  5.1
Fire Magic     | 1 2 3 4 5 |  5.1
Ice Magic      | 1 2 3 4 5 |  5.1
Air Magic      | 1 2 3 4 5 |  5.1
Earth Magic    | 1 2 3 4 5 |  5.1
Poison Magic   | 1 2 3 4 5 |  5.1
Armour         | 3 4 5 6 |  6.7
Fighting       | 5 6 7 |  7.7
Long Blades    | 5 6 7 |  7.7
Dodging        | 5 6 7 |  7.7
Charms         | 6 7 |  7.5

Action                   |  1- 3 |  4- 6 |  7- 9 | 10-12 || total
-------------------------+-------+-------+-------+-------++-------
Melee: Falchion          |    43 |    92 |   195 |       ||   330
       Bite              |     8 |     9 |    46 |    41 ||   104
       Unarmed           |       |    11 |       |       ||    11
       Punch             |       |     1 |     7 |    10 ||    18
       Rapier            |       |       |    65 |   276 ||   341
       Trident           |       |       |    17 |       ||    17
 Fire: Shortbow          |       |       |   109 |    62 ||   171
Throw: Dart              |       |     5 |     1 |       ||     6
       Boomerang         |       |       |     8 |       ||     8
 Cast: Infusion          |     7 |    10 |    10 |    14 ||    41
       Song of Slaying   |     1 |     2 |     8 |     9 ||    20
       Spectral Weapon   |       |       |    13 |    15 ||    28
Invok: Heroism           |       |       |     1 |       ||     1
Evoke: Wand              |       |       |     1 |     9 ||    10
  Use: Scroll            |       |     9 |     9 |     5 ||    23
       Potion            |       |     1 |     3 |     1 ||     5
 Stab: Sleeping          |       |       |     2 |     6 ||     8
       Distracted        |       |       |     1 |     1 ||     2
       Paralysed         |       |       |       |     2 ||     2
  Eat: Chunk             |       |     3 |    11 |    10 ||    24
Armor: Leather armour    |     6 |     1 |       |       ||     7
       Ring mail         |       |     7 |    16 |       ||    23
       Scale mail        |       |       |    95 |   126 ||   221
Dodge: Dodged            |    43 |    75 |   198 |   162 ||   478
       Rpst.: Falchion   |    10 |    14 |    29 |       ||    53

Table legend:
 A = Non-vault XP
 B = Vault XP
 C = Vault XP percentage of total XP
 D = Non-vault monster count
 E = Vault monster count
 F = Vault count percentage of total count
                 A         B        C        D         E       F
            +---------+---------+-------+---------+---------+-------
      Total |    7055 |    5907 |  45.6 |     158 |     120 |  43.2
            +---------+---------+-------+---------+---------+-------
        D:1 |      18 |       0 |   0.0 |      11 |       0 |   0.0
        D:2 |      80 |     109 |  57.7 |      16 |      15 |  48.4
        D:3 |     216 |       2 |   0.9 |      23 |       2 |   8.0
        D:4 |     296 |     333 |  52.9 |       7 |       2 |  22.2
        D:5 |     392 |     121 |  23.6 |       9 |      28 |  75.7
        D:6 |     598 |       0 |   0.0 |      15 |       0 |   0.0
        D:7 |     916 |     486 |  34.7 |      22 |       1 |   4.3
        D:8 |    1494 |     594 |  28.4 |      24 |       2 |   7.7
        D:9 |     782 |    3556 |  82.0 |      10 |      42 |  80.8
       D:10 |    2263 |     706 |  23.8 |      21 |      28 |  57.1
            +---------+---------+-------+---------+---------+-------
